PUBA
TRUCKEE SCRAPPYS @ SUSQUEHANNA TRAILS SCARLETS
07/20/1972
 
TOP OF THE 1ST
Truckee Scrappys batting - Pitching for Susquehanna Trails Scarlets : RHP Joe Simmons
Pitching: RHP Joe Simmons
Batting: RHB Xavier Hiatt 0-0: Ball
1-0: Swinging Strike
1-1: Ball
2-1: Ball
3-1: Ground out 5-3 (Groundball, 56, EV 83.1 MPH)
Batting: SHB Theron Jones 0-0: Ball
1-0: Called Strike
1-1: Ball
2-1: Reached on error, E5 (Groundball, 56, EV 88.1 MPH)
Batting: LHB Bryant Stanford 0-0: Called Strike
Theron Jones steals 2nd base
0-1: Ball
1-1: Ball
2-1: Foul Ball, location: 2F
2-2: SINGLE (Line Drive, 6D, EV 100.6 MPH)
Theron Jones to third
Runner from 3rd tries for Home, SAFE, throw by LF to home
Batting: RHB Lee Sharp 0-0: Ball
Bryant Stanford steals 2nd base
1-0: SINGLE (Line Drive, 8LS, EV 104.4 MPH)
Bryant Stanford to third
Runner from 3rd tries for Home, SAFE, throw by CF to home
Lee Sharp to second
Batting: SHB António Fernández 0-0: Called Strike
0-1: Ball
1-1: Fly out, F7 (Flyball, 7D, EV 107.5 MPH)
Batting: SHB Karl Magee 0-0: Called Strike
0-1: Swinging Strike
0-2: Ball
1-2: Ball
2-2: Foul Ball, location: 7LMF
2-2: Strikes out swinging
Top of the 1st over - 2 runs, 2 hits, 1 error, 1 left on base; Truckee 2 - Susquehanna Trails 0
BOTTOM OF THE 1ST
Susquehanna Trails Scarlets batting - Pitching for Truckee Scrappys : LHP Joe Howell
Pitching: LHP Joe Howell
Batting: RHB Vance White 0-0: Foul Ball, location: 25FF
0-1: Ball
1-1: SINGLE (Groundball, 4MD, EV 104.4 MPH)
Batting: RHB Jim Donaldson 0-0: Ball
1-0: Ball
2-0: SINGLE (Line Drive, 7LM, EV 104.4 MPH)
Vance White to second
Runner from 2nd tries for 3rd, SAFE, throw by LF made to third
Batting: LHB Ron Blomberg 0-0: Called Strike
0-1: Fly out, F8 (Flyball, 78M, EV 93.1 MPH)
Batting: LHB John Jones 0-0: Fielders Choice at 2nd, 3-6 (Groundball, 34S, EV 84.4 MPH)
Vance White scores
Batting: RHB Gavin Peters 0-0: Called Strike
0-1: Ball
1-1: Fly out, F7 (Flyball, 78S, EV 88.1 MPH)
Bottom of the 1st over - 1 run, 2 hits, 0 errors, 1 left on base; Truckee 2 - Susquehanna Trails 1
TOP OF THE 2ND
Truckee Scrappys batting - Pitching for Susquehanna Trails Scarlets : RHP Joe Simmons
Batting: LHB Evan Miller 0-0: Foul Ball, location: 2F
0-1: Ball
1-1: Foul Ball, location: 7LDF
1-2: Ball
2-2: Ground out 4-3 (Groundball, 34D, EV 108.8 MPH)
Batting: RHB Timo Louter 0-0: Ball
1-0: Called Strike
1-1: Ball
2-1: Ball
3-1: Base on Balls
Batting: RHB Arturo Pagán 0-0: Ball
1-0: Ball
Timo Louter steals 2nd base
2-0: SINGLE (Line Drive, 3D, EV 95.0 MPH)
Timo Louter to third
Throwing error, E9
Timo Louter scores
Arturo Pagán to second
Batting: RHB Xavier Hiatt 0-0: Hit by Pitch
Batting: SHB Theron Jones 0-0: Ball
1-0: Ball
2-0: DOUBLE (Flyball, 7D, EV 111.9 MPH)
Arturo Pagán scores
Xavier Hiatt to third
Batting: LHB Bryant Stanford 0-0: Called Strike
0-1: Ground out 4-3 (Groundball, 4, EV 85.0 MPH)
Xavier Hiatt scores
Theron Jones to third
Batting: RHB Lee Sharp 0-0: Ball
1-0: Ball
2-0: Called Strike
2-1: Ball
3-1: Called Strike
3-2: Strikes out swinging
Top of the 2nd over - 3 runs, 2 hits, 1 error, 1 left on base; Truckee 5 - Susquehanna Trails 1
BOTTOM OF THE 2ND
Susquehanna Trails Scarlets batting - Pitching for Truckee Scrappys : LHP Joe Howell
Batting: RHB Dave Jackson 0-0: Foul Ball, location: 9LSF
0-1: Foul Ball, location: 7LMF
0-2: Ball
1-2: Strikes out looking
Batting: RHB Carl Flanagan 0-0: Foul Ball, location: 3FF
0-1: Foul Ball, location: 5FF
0-2: Ball
1-2: Ball
2-2: SINGLE (Line Drive, 34D, EV 108.1 MPH)
Batting: RHB Dan Parker 0-0: Swinging Strike
0-1: Swinging Strike
0-2: Ball
1-2: Strikes out swinging
Batting: LHB John Hawkins 0-0: Swinging Strike
0-1: Ball
1-1: Called Strike
1-2: Strikes out swinging
Bottom of the 2nd over - 0 runs, 1 hit, 0 errors, 1 left on base; Truckee 5 - Susquehanna Trails 1
TOP OF THE 3RD
Truckee Scrappys batting - Pitching for Susquehanna Trails Scarlets : RHP Joe Simmons
Batting: SHB António Fernández 0-0: Called Strike
0-1: Ground out 3-1 (Groundball, 34D, EV 104.4 MPH)
Batting: SHB Karl Magee 0-0: Foul Ball, location: 2F
0-1: Ball
1-1: Foul Ball, location: 2F
1-2: Foul Ball, location: 7LDF
1-2: Strikes out swinging
Batting: LHB Evan Miller 0-0: Ball
1-0: Ground out 6-3 (Groundball, 56, EV 100.6 MPH)
Top of the 3rd over - 0 runs, 0 hits, 0 errors, 0 left on base; Truckee 5 - Susquehanna Trails 1
BOTTOM OF THE 3RD
Susquehanna Trails Scarlets batting - Pitching for Truckee Scrappys : LHP Joe Howell
Batting: RHB Vance White 0-0: Foul Ball, location: 25F
0-1: Swinging Strike
0-2: Ball
1-2: Ball
2-2: Ball
3-2: Foul Ball, location: 2LF
3-2: Fly out, F9 (Flyball, 89M, EV 85.6 MPH)
Batting: RHB Jim Donaldson 0-0: Ball
1-0: Called Strike
1-1: Called Strike
1-2: Strikes out swinging
Batting: LHB Ron Blomberg 0-0: Ball
1-0: Called Strike
1-1: Foul Ball, location: 2F
1-2: Ground out 5-3 (Groundball, 56, EV 77.5 MPH)
Bottom of the 3rd over - 0 runs, 0 hits, 0 errors, 0 left on base; Truckee 5 - Susquehanna Trails 1
TOP OF THE 4TH
Truckee Scrappys batting - Pitching for Susquehanna Trails Scarlets : RHP Joe Simmons
Batting: RHB Timo Louter 0-0: Ball
1-0: Called Strike
1-1: Ball
2-1: Called Strike
2-2: SOLO HOME RUN (Flyball, 7D, EV 96.3 MPH), Distance : 355 ft
Batting: RHB Arturo Pagán 0-0: Foul Ball, location: 2F
0-1: Called Strike
0-2: Ball
1-2: SINGLE (Groundball, 34D, EV 101.9 MPH)
Pitching: RHP Rodrigo Arroyo
Batting: RHB Xavier Hiatt 0-0: Ball
1-0: Grounds into double play, 5-4-3 (Groundball, 5, EV 88.8 MPH)
Batting: SHB Theron Jones 0-0: Called Strike
0-1: Ground out 4-3 (Groundball, 4, EV 83.1 MPH)
Top of the 4th over - 1 run, 2 hits, 0 errors, 0 left on base; Truckee 6 - Susquehanna Trails 1
BOTTOM OF THE 4TH
Susquehanna Trails Scarlets batting - Pitching for Truckee Scrappys : LHP Joe Howell
Batting: LHB John Jones 0-0: Ball
1-0: SOLO HOME RUN (Flyball, 9D, EV 98.1 MPH), Distance : 372 ft
Batting: RHB Gavin Peters 0-0: Ball
1-0: Ball
2-0: Ball
3-0: Called Strike
3-1: Fly out, F8 (Flyball, 8LM, EV 93.8 MPH)
Batting: RHB Dave Jackson 0-0: Swinging Strike
0-1: Foul Ball, location: 7LSFF
0-2: Ground out 5-3 (Groundball, 56, EV 88.1 MPH)
Batting: RHB Carl Flanagan 0-0: SINGLE (Line Drive, 6D, EV 98.8 MPH)
Batting: RHB Dan Parker 0-0: Ball
1-0: Ball
2-0: Ball
3-0: Called Strike
3-1: Base on Balls
Carl Flanagan to second
Batting: LHB John Hawkins 0-0: Called Strike
0-1: Ball
1-1: Ball
2-1: Called Strike
2-2: Ball
3-2: 3-RUN HOME RUN (Line Drive, 8RXD, EV 113.1 MPH), Distance : 428 ft
Batting: RHB Vance White 0-0: Ball
1-0: Ground out 4-3 (Groundball, 4, EV 84.4 MPH)
Bottom of the 4th over - 4 runs, 3 hits, 0 errors, 0 left on base; Truckee 6 - Susquehanna Trails 5
TOP OF THE 5TH
Truckee Scrappys batting - Pitching for Susquehanna Trails Scarlets : RHP Rodrigo Arroyo
Batting: LHB Bryant Stanford 0-0: Foul Ball, location: 2F
0-1: Ball
1-1: Ball
2-1: Ground out 4-3 (Groundball, 4MD, EV 110.6 MPH)
Batting: RHB Lee Sharp 0-0: Ground out 5-3 (Groundball, 56S, EV 70.0 MPH)
Batting: SHB António Fernández 0-0: Called Strike
0-1: Ball
1-1: Foul Ball, location: 2F
1-2: SINGLE (Line Drive, 5D, EV 100.0 MPH)
Batting: SHB Karl Magee 0-0: Called Strike
0-1: Ball
1-1: Fly out, F7 (Line Drive, 7S, EV 98.8 MPH)
Top of the 5th over - 0 runs, 1 hit, 0 errors, 1 left on base; Truckee 6 - Susquehanna Trails 5
BOTTOM OF THE 5TH
Susquehanna Trails Scarlets batting - Pitching for Truckee Scrappys : LHP Joe Howell
Batting: RHB Jim Donaldson 0-0: Called Strike
0-1: Foul Ball, location: 3DF
0-2: Ball
1-2: Foul Ball, location: 23F
1-2: Ball
2-2: Foul Ball, location: 5DF
2-2: Fly out, F9 (Line Drive, 89M, EV 90.6 MPH)
Batting: LHB Ron Blomberg 0-0: Fly out, F7 (Line Drive, 78M, EV 98.1 MPH)
Batting: LHB John Jones 0-0: Called Strike
0-1: Ball
1-1: Fly out, F8 (Line Drive, 8RD, EV 91.9 MPH)
Bottom of the 5th over - 0 runs, 0 hits, 0 errors, 0 left on base; Truckee 6 - Susquehanna Trails 5
TOP OF THE 6TH
Truckee Scrappys batting - Pitching for Susquehanna Trails Scarlets : RHP Rodrigo Arroyo
Batting: LHB Evan Miller 0-0: Ball
1-0: Ball
2-0: Ground out U3 (Groundball, 3, EV 86.3 MPH)
Batting: RHB Timo Louter 0-0: Ground out 6-3 (Groundball, 6, EV 104.4 MPH)
Batting: RHB Arturo Pagán 0-0: Ground out 6-3 (Groundball, 6, EV 85.0 MPH)
Top of the 6th over - 0 runs, 0 hits, 0 errors, 0 left on base; Truckee 6 - Susquehanna Trails 5
BOTTOM OF THE 6TH
Susquehanna Trails Scarlets batting - Pitching for Truckee Scrappys : LHP Joe Howell
Batting: RHB Gavin Peters 0-0: Ball
1-0: Ball
2-0: Swinging Strike
2-1: Ball
3-1: Called Strike
3-2: Strikes out swinging
Batting: RHB Dave Jackson 0-0: Ball
1-0: Ball
2-0: Foul Ball, location: 2LF
2-1: Swinging Strike
2-2: Foul Ball, location: 2F
2-2: Foul Ball, location: 2F
2-2: Ball
3-2: Base on Balls
Batting: RHB Carl Flanagan 0-0: Ball
1-0: Fly out, F7 (Flyball, 7D, EV 92.5 MPH)
Batting: RHB Dan Parker 0-0: Ball
1-0: TRIPLE (Flyball, 9LD, EV 102.5 MPH)
Dave Jackson scores
Pitching: RHP Migel Puente
Batting: LHB John Hawkins 0-0: Ball
1-0: Called Strike
1-1: Foul Ball, location: 9LDF
1-2: Fly out, F6 (Popup, 6, EV 73.1 MPH)
Bottom of the 6th over - 1 run, 1 hit, 0 errors, 1 left on base; Truckee 6 - Susquehanna Trails 6
TOP OF THE 7TH
Truckee Scrappys batting - Pitching for Susquehanna Trails Scarlets : RHP Rodrigo Arroyo
Batting: RHB Xavier Hiatt 0-0: Ground out 4-3 (Groundball, 34, EV 106.9 MPH)
Batting: SHB Theron Jones 0-0: Called Strike
0-1: Ball
1-1: Ball
2-1: Ball
3-1: Base on Balls
Batting: LHB Bryant Stanford 0-0: Called Strike
0-1: Called Strike
0-2: Ball
1-2: Ball
2-2: Foul Ball, location: 7LDF
2-2: Ball
3-2: 2-RUN HOME RUN (Flyball, 89XD, EV 98.8 MPH), Distance : 399 ft
Batting: RHB Lee Sharp 0-0: Called Strike
0-1: Foul Ball, location: 2F
0-2: Strikes out swinging
Batting: SHB António Fernández 0-0: Swinging Strike
0-1: Ball
1-1: Ball
2-1: Ball
3-1: SINGLE (Groundball, 34D, EV 101.3 MPH)
Pitching: RHP Paul Wilson
Batting: SHB Karl Magee 0-0: Ball
1-0: Ground out 4-3 (Groundball, 4, EV 78.1 MPH)
Top of the 7th over - 2 runs, 2 hits, 0 errors, 1 left on base; Truckee 8 - Susquehanna Trails 6
BOTTOM OF THE 7TH
Susquehanna Trails Scarlets batting - Pitching for Truckee Scrappys : RHP Migel Puente
Batting: RHB Vance White 0-0: Called Strike
0-1: Swinging Strike
0-2: Ball
1-2: SINGLE (Groundball, 34D, EV 100.6 MPH)
Batting: RHB Jim Donaldson 0-0: Foul Ball, location: 9LMFF
0-1: Ball
1-1: Swinging Strike
1-2: Strikes out swinging
Batting: LHB Ron Blomberg 0-0: Foul Ball, location: 5SF
0-1: Foul Ball, location: 2F
0-2: Ball
1-2: SINGLE (Groundball, 34D, EV 96.9 MPH)
Vance White to second
Runner from 2nd tries for 3rd, SAFE, throw by RF made to third
Batting: LHB John Jones 0-0: Ball
1-0: Fly out, F9 (Flyball, 9, EV 90.0 MPH)
Throwing error, E9
Vance White scores
Ron Blomberg to second
Batting: LHB Werner DeJong 0-0: Ball
1-0: Foul Ball, location: 7LSF
1-1: SINGLE (Line Drive, 8RS, EV 88.1 MPH)
Ron Blomberg to third
Runner from 3rd tries for Home, SAFE, throw by CF to home
Batting: RHB Dave Jackson 0-0: Ball
1-0: Ball
2-0: Ball
3-0: Fly out, F9 (Line Drive, 9, EV 97.5 MPH)
Bottom of the 7th over - 2 runs, 3 hits, 1 error, 1 left on base; Truckee 8 - Susquehanna Trails 8
TOP OF THE 8TH
Truckee Scrappys batting - Pitching for Susquehanna Trails Scarlets : RHP Paul Wilson
Pitching: RHP Pedro Martínez
Batting: LHB Evan Miller 0-0: Ball
1-0: Foul Ball, location: 3FF
1-1: SINGLE (Line Drive, 78M, EV 87.5 MPH)
Pinch Hitting: LHB Vincente Rodríguez 0-0: Called Strike
0-1: Fly out, F7 (Flyball, 7LM, EV 90.6 MPH)
Pinch Hitting: SHB Jonathan Carr 0-0: Swinging Strike
0-1: Foul Ball, location: 2F
0-2: Strikes out swinging
Batting: RHB Xavier Hiatt 0-0: Ball
Evan Miller steals 2nd base
1-0: Ball
2-0: Called Strike
2-1: Foul Ball, location: 2F
2-2: Ball
3-2: Foul Ball, location: 9LMF
3-2: Ground out 6-3 (Groundball, 6, EV 110.0 MPH)
Top of the 8th over - 0 runs, 1 hit, 0 errors, 1 left on base; Truckee 8 - Susquehanna Trails 8
BOTTOM OF THE 8TH
Susquehanna Trails Scarlets batting - Pitching for Truckee Scrappys : RHP Migel Puente
Pitching: RHP Alejandro Gonzáles
Now at 2B: Tom Wade
Now at SS: Vincente Rodríguez
Batting: RHB Carl Flanagan 0-0: Ball
1-0: Called Strike
1-1: Ball
2-1: Ball
3-1: Foul Ball, location: 9LDF
3-2: Base on Balls
Batting: RHB Dan Parker 0-0: Called Strike
0-1: Ball
1-1: Ball
2-1: Ball
3-1: SINGLE (Line Drive, 6M, EV 103.8 MPH)
Carl Flanagan to second
Batting: LHB John Hawkins 0-0: Ball
1-0: Bunt missed!
1-1: Bunted foul
1-2: Strikes out looking
Batting: RHB Vance White 0-0: Foul Ball, location: 25F
0-1: Foul Ball, location: 2F
0-2: Foul Ball, location: 2F
0-2: Fly out, F9 (Flyball, 89M, EV 96.3 MPH)
Batting: RHB Jim Donaldson 0-0: Ball
1-0: Ball
2-0: Ball
3-0: Swinging Strike
3-1: Called Strike
3-2: Strikes out looking
Bottom of the 8th over - 0 runs, 1 hit, 0 errors, 2 left on base; Truckee 8 - Susquehanna Trails 8
TOP OF THE 9TH
Truckee Scrappys batting - Pitching for Susquehanna Trails Scarlets : RHP Pedro Martínez
Batting: SHB Theron Jones 0-0: SINGLE (Groundball, 34D, EV 103.8 MPH)
Batting: LHB Bryant Stanford 0-0: Foul Ball, location: 2F
0-1: Ball
1-1: Fly out, F4 (Popup, 4M, EV 65.0 MPH)
Pinch Hitting: LHB Johnny Grubb 0-0: Ball
1-0: Called Strike
Theron Jones steals 2nd base
1-1: Called Strike
1-2: Ball
2-2: Strikes out swinging
Batting: SHB António Fernández 0-0: Intentional Walk
Batting: SHB Karl Magee 0-0: Ball
1-0: Ball
2-0: Fly out, F6 (Line Drive, 56D, EV 68.1 MPH)
Top of the 9th over - 0 runs, 1 hit, 0 errors, 2 left on base; Truckee 8 - Susquehanna Trails 8
BOTTOM OF THE 9TH
Susquehanna Trails Scarlets batting - Pitching for Truckee Scrappys : RHP Alejandro Gonzáles
Now at C: Mark Graves
Batting: LHB Ron Blomberg 0-0: Ball
1-0: Called Strike
1-1: Ground out 4-3 (Groundball, 4, EV 84.4 MPH)
Batting: LHB John Jones 0-0: Fly out, F7 (Flyball, 7, EV 90.6 MPH)
Batting: LHB Werner DeJong 0-0: Ball
1-0: Ball
2-0: Called Strike
2-1: Ball
3-1: Base on Balls
Batting: RHB Dave Jackson 0-0: Ball
Werner DeJong steals 2nd base (no throw)
1-0: Called Strike
1-1: Ball
2-1: Swinging Strike
2-2: Strikes out looking
Bottom of the 9th over - 0 runs, 0 hits, 0 errors, 1 left on base; Truckee 8 - Susquehanna Trails 8
TOP OF THE 10TH
Truckee Scrappys batting - Pitching for Susquehanna Trails Scarlets : RHP Pedro Martínez
Batting: LHB Evan Miller 0-0: Foul Ball, location: 2F
0-1: Ball
1-1: Foul Ball, location: 7LSF
1-2: Ball
2-2: Strikes out swinging
Batting: LHB Vincente Rodríguez 0-0: Called Strike
0-1: Ground out 4-3 (Groundball, 34D, EV 106.9 MPH)
Batting: RHB Tom Wade 0-0: Swinging Strike
0-1: Foul Ball, location: 9LSF
0-2: Fly out, F7 (Line Drive, 7, EV 93.1 MPH)
Top of the 10th over - 0 runs, 0 hits, 0 errors, 0 left on base; Truckee 8 - Susquehanna Trails 8
BOTTOM OF THE 10TH
Susquehanna Trails Scarlets batting - Pitching for Truckee Scrappys : RHP Alejandro Gonzáles
Batting: RHB Carl Flanagan 0-0: Ball
1-0: Ball
2-0: Ball
3-0: Called Strike
3-1: Called Strike
3-2: Strikes out looking
Batting: RHB Dan Parker 0-0: Ball
1-0: Called Strike
1-1: Called Strike
1-2: Ball
2-2: Strikes out swinging
Batting: LHB John Hawkins 0-0: Called Strike
0-1: Foul Ball, location: 3F
0-2: Ball
1-2: Foul Ball, location: 3SF
1-2: Foul Ball, location: 7LDF
1-2: Foul Ball, location: 3F
1-2: Foul Ball, location: 25F
1-2: Ball
2-2: Foul Ball, location: 5DF
2-2: Ball
3-2: Ground out U3 (Groundball, 3S, EV 65.6 MPH)
Bottom of the 10th over - 0 runs, 0 hits, 0 errors, 0 left on base; Truckee 8 - Susquehanna Trails 8
TOP OF THE 11TH
Truckee Scrappys batting - Pitching for Susquehanna Trails Scarlets : RHP Pedro Martínez
Pitching: LHP José Ramírez
Batting: RHB Xavier Hiatt 0-0: Called Strike
0-1: Foul Ball, location: 2F
0-2: Ball
1-2: Ball
2-2: Foul Ball, location: 2F
2-2: SINGLE (Line Drive, 78S, EV 91.9 MPH)
Batting: SHB Theron Jones 0-0: Ball
Xavier Hiatt is caught stealing 2nd base 2-4
1-0: Called Strike
1-1: SINGLE (Flyball, 8LM, EV 89.4 MPH)
Batting: LHB Bryant Stanford 0-0: Called Strike
0-1: Ball
1-1: Foul Ball, location: 2F
1-2: Strikes out swinging
Batting: RHB Mark Graves 0-0: Ball
1-0: Foul Ball, location: 2F
1-1: Foul Ball, location: 2F
1-2: Ball
2-2: Ball
3-2: Base on Balls
Theron Jones to second
Batting: SHB António Fernández 0-0: Swinging Strike
0-1: Ball
1-1: Ball
2-1: Ball
3-1: Base on Balls
Theron Jones to third
Mark Graves to second
Batting: SHB Karl Magee 0-0: Ball
1-0: Foul Ball, location: 3FF
1-1: Swinging Strike
1-2: Ball
2-2: Hit by Pitch
Theron Jones scores
Mark Graves to third
António Fernández to second
Batting: LHB Evan Miller 0-0: Called Strike
0-1: Called Strike
0-2: Ball
1-2: Strikes out swinging
Top of the 11th over - 1 run, 2 hits, 0 errors, 3 left on base; Truckee 9 - Susquehanna Trails 8
BOTTOM OF THE 11TH
Susquehanna Trails Scarlets batting - Pitching for Truckee Scrappys : RHP Alejandro Gonzáles
Pitching: LHP Bill MacQuey
Batting: RHB Vance White 0-0: Foul Ball, location: 23F
0-1: Ground out 5-3 (Groundball, 56, EV 88.8 MPH)
Batting: RHB Jim Donaldson 0-0: Swinging Strike
0-1: Ball
1-1: Foul Ball, location: 9LSF
1-2: Foul Ball, location: 2F
1-2: Ball
2-2: Ball
3-2: Strikes out swinging
Batting: LHB Ron Blomberg 0-0: Ball
1-0: Ball
2-0: Called Strike
2-1: SINGLE (Line Drive, 78S, EV 93.8 MPH)
Pinch Hitting: RHB Steve Borkholder 0-0: Called Strike
0-1: Ball
1-1: Ball
2-1: Foul Ball, location: 9LMF
2-2: Foul Ball, location: 2F
2-2: Foul Ball, location: 25FF
2-2: Foul Ball, location: 9LDF
2-2: Foul Ball, location: 3F
2-2: Ball
3-2: Ground out 6-3 (Groundball, 6, EV 102.5 MPH)
Bottom of the 11th over - 0 runs, 1 hit, 0 errors, 1 left on base; Truckee 9 - Susquehanna Trails 8
Thursday, April 11th , 2024 - OOTP Baseball 24.8 Build 75